Map: Dusk Towers

Players

TCLegacy

  • Race: Protoss Protoss
  • League: Platinum

AxiOm - Winner!

  • Race: Protoss Protoss
  • League: Platinum

VOD

Have the link to the VOD?

Description

Early version of this, whiffed the build a little in game. I guess it should look something more like:

MrKilo's Two Disruptor Drop Rush (w/stalker open)

14 Build Pylon
16 Build Gateway
16 Build Assimilator
17 Build Assimilator
19 2 * Move Three Probes To Gas
20 Build Cybernetics Core
\\cut probes at 22/23\\
23 Build Robotics Facility
23 (EXPO)Build Nexus
23 Build Pylon
23 Research Warp Gate
23 Build Stalker
25 Build Robotics Facility
25 Build Robotics Bay
\\resume probes\\
26 Build Warp Prism
28 (EXPO)Build Assimilator
28 Build Gateway
29 Move Three Probes To Gas
29 2 * Build Disruptor
35 ish CHRONO ROBOs
37 Build Mothership Core

Now the idea is stay on the look out for any early pressure and then drop dem disruptors near the mineral line and watch those workers pop. Follow with immortals, 'lossus and third/gates, or whatever your taste.

Time

  • Played on: Nov. 19, 2015, 2:51 p.m.
  • Length: 13:16
Show
View Real Time Build Order
Export as new Build Order

TCLegacy Protoss 

Build Orders:  

Get SALT Encoding   

  12  0:01  Probe (Chrono Boost)  
  13  0:12  Probe (Chrono Boost)  
  14  0:17  Pylon  
  14  0:24  Probe (Chrono Boost)  
  15  0:29  Assimilator  
  15  0:41  Gateway  
  15  0:44  Probe (Chrono Boost)  
  16  0:55  Probe (Chrono Boost)  
  17  1:11  Pylon  
  17  1:15  Probe (Chrono Boost)  
  18  1:25  Probe (Chrono Boost), Assimilator  
  19  1:33  Cybernetics Core  
  19  1:39  Gateway  
  19  1:40  Probe (Chrono Boost)  
  20  1:50  Probe (Chrono Boost)  
  21  2:11  Warp Gate (Chrono Boost)  
  21  2:15  Twilight Council  
  21  2:17  Mothership Core  
  22  2:38  Probe  
  22  2:41  Nexus  
  23  2:50  Probe  
  24  2:57  Pylon  
  24  3:02  Pylon  
  24  3:08  Resonating Glaives (Chrono Boost)  
  24  3:43  Probe  
  25  3:55  Probe  
  26  3:56  Probe  
  26  4:01  Pylon  
  27  4:05  Gateway, Pylon  
  27  4:07  Probe  
  27  4:09  Gateway, Pylon  
  28  4:14  Pylon  
  28  4:16  Probe  
  27  4:19  Probe  
  29  4:33  Forge  
  29  4:39  Adept x2  
  33  4:45  Probe  
  33  4:47  Probe  
  35  4:56  Probe  
  36  5:03  Gateway  
  36  5:05  Pylon  
  36  5:09  Photon Cannon  
  36  5:40  Stalker x3  
  36  6:00  Photon Cannon x2  
  36  6:01  Photon Cannon  
  36  6:04  Probe  
  36  6:05  Probe  
  38  6:13  Sentry x2  
  38  6:14  Sentry  
  38  6:15  Probe  
  38  6:17  Probe  
  46  6:22  Protoss Ground Weapons Level 1 (Chrono Boost)  
  46  6:35  Robotics Facility  
  44  6:46  Adept  
  46  6:47  Adept x2  
  46  6:50  Probe  
  46  6:51  Probe  
  52  7:03  Probe  
  52  7:04  Dark Shrine  
  52  7:08  Adept x2  
  57  7:22  Warp Prism  
  59  7:27  Adept  
  59  7:28  Stalker x2  
  65  7:40  Probe  
  65  7:41  Probe  
  65  7:43  Assimilator  
  67  7:46  Assimilator  
  68  7:58  Observer  
  68  7:59  Robotics Bay  
  58  8:33  Dark Templar x2  
  58  8:34  Dark Templar x2  
  64  8:57  Dark Templar  
  66  9:06  Zealot x2  
  66  9:07  Zealot x2  
  62  9:13  Probe  
  62  9:15  Probe  
  64  9:27  Probe  
  65  9:31  Dark Templar  
  65  9:32  Dark Templar  
  67  9:51  Zealot x3  
  69  10:03  Protoss Ground Weapons Level 2 (Chrono Boost)  
  69  10:05  Disruptor (Chrono Boost)  
  70  10:13  Stalker x2  
  70  10:14  Stalker, Probe  
  76  10:15  Probe  
  78  10:27  Probe  
  79  10:41  Disruptor (Chrono Boost)  
  79  10:42  Adept x2  
  86  10:43  Stalker x2  
  86  10:44  Nexus  
  86  10:47  Probe, Pylon  
  86  10:49  Probe, Pylon  
  92  10:52  Pylon  
  92  10:55  Pylon  
  91  11:07  Stalker x2  
  91  11:08  Stalker x3  
  71  11:37  Adept x2  
  71  11:38  Adept x2  
  79  12:02  Zealot x4  
  79  12:03  Zealot  
  75  12:10  Disruptor (Chrono Boost)  
  72  12:26  Stalker x2  
  72  12:27  Stalker x3  
  72  12:28  Nexus  
  82  12:31  Pylon  
  82  12:33  Pylon  
  82  12:38  Pylon  
  82  12:39  Pylon  
  82  12:41  Disruptor (Chrono Boost)  
Show
View Real Time Build Order
Export as new Build Order

AxiOm Protoss - Winner!

Build Orders:  

Get SALT Encoding   

  12  0:01  Probe (Chrono Boost)  
  13  0:12  Probe (Chrono Boost)  
  14  0:18  Pylon  
  14  0:22  Probe (Chrono Boost)  
  15  0:36  Gateway  
  15  0:37  Probe (Chrono Boost)  
  16  0:48  Probe (Chrono Boost), Assimilator  
  17  0:52  Assimilator  
  17  0:58  Probe (Chrono Boost)  
  17  1:04  Pylon  
  18  1:09  Probe (Chrono Boost)  
  19  1:19  Probe (Chrono Boost)  
  19  1:25  Cybernetics Core  
  20  1:30  Probe (Chrono Boost)  
  21  1:41  Probe (Chrono Boost)  
  22  1:51  Probe (Chrono Boost)  
  23  2:01  Robotics Facility  
  23  2:06  Warp Gate (Chrono Boost)  
  23  2:07  Stalker (Chrono Boost)  
  25  2:33  Nexus  
  25  2:51  Robotics Facility  
  25  3:04  Robotics Bay  
  25  3:12  Warp Prism (Chrono Boost)  
  27  3:36  Probe  
  28  3:44  Probe  
  30  3:48  Probe  
  30  3:51  Disruptor (Chrono Boost)  
  30  3:54  Probe  
  36  3:56  Disruptor (Chrono Boost)  
  37  4:08  Mothership Core  
  37  4:09  Gateway  
  39  4:10  Gateway  
  39  4:17  Probe  
  39  4:22  Sentry  
  42  4:29  Probe  
  42  4:30  Probe  
  43  4:38  Observer (Chrono Boost)  
  45  4:40  Pylon  
  45  4:41  Probe, Pylon  
  45  4:45  Assimilator  
  46  4:46  Assimilator  
  46  4:53  Pylon  
  46  4:56  Probe  
  46  4:58  Probe  
  48  5:10  Probe  
  49  5:28  Stalker x3  
  53  5:44  Probe  
  53  5:46  Probe  
  53  5:49  Extended Thermal Lance (Chrono Boost)  
  55  5:52  Zealot x3  
  55  5:55  Probe  
  62  5:58  Probe  
  63  6:05  Probe, Nexus  
  63  6:09  Pylon  
  63  6:10  Probe  
  65  6:16  Probe  
  66  6:22  Probe, Observer (Chrono Boost)  
  68  6:27  Colossus (Chrono Boost)  
  68  6:28  Probe  
  68  6:32  Gateway  
  75  6:34  Probe  
  76  6:40  Probe  
  77  6:49  Probe  
  78  6:56  Pylon  
  78  6:58  Pylon  
  78  7:00  Pylon  
  78  7:02  Probe, Colossus (Chrono Boost)  
  77  7:10  Pylon  
  77  7:11  Assimilator  
  77  7:14  Warp Prism (Chrono Boost)  
  79  7:16  Assimilator  
  79  7:22  Forge  
  79  7:23  Forge  
  79  7:24  Probe  
  79  7:25  Probe  
  81  7:36  Stalker x2  
  81  7:37  Stalker  
  87  7:40  Sentry  
  87  7:41  Probe x2  
  91  7:54  Disruptor x2 (Chrono Boost)  
  91  7:56  Probe x2  
  99  8:02  Sentry x3  
  100  8:20  Probe  
  100  8:21  Probe  
  100  8:22  Probe  
  100  8:25  Colossus x2 (Chrono Boost)  
  112  8:31  Probe  
  112  8:33  Probe  
  115  8:34  Probe  
  115  8:41  Probe  
  115  8:45  Stalker  
  115  8:46  Stalker  
  100  9:11  Probe  
  100  9:12  Probe x2  
  103  9:22  Probe, Observer (Chrono Boost), Protoss Ground Weapons Level 1  
  103  9:23  Protoss Ground Armor Level 1  
  105  9:24  Probe  
  105  9:25  Probe  
  105  9:32  Probe  
  105  9:37  Probe, Photon Cannon  
  103  9:49  Probe  
  103  9:50  Photon Cannon  
  99  10:03  Probe  
  99  10:05  Probe x2  
  102  10:14  Probe  
  102  10:17  Probe x2  
  105  10:24  Probe  
  106  10:29  Probe  
  107  10:35  Photon Cannon  
  107  10:38  Photon Cannon  
  107  10:39  Probe  
  107  10:40  Probe  
  109  10:43  Probe  
  110  11:01  Stalker x3  
  110  11:02  Sentry  
  108  11:21  Probe x2  
  108  11:22  Colossus (Chrono Boost)  
  114  11:42  Stalker  
  114  11:43  Stalker x2  
  114  11:44  Stalker  
  114  11:45  Probe  
  114  11:46  Probe x2  
  123  11:55  Observer (Chrono Boost)  
  123  11:58  Probe  
  125  12:09  Probe  
  125  12:10  Observer (Chrono Boost)  
  125  12:26  Pylon  
  125  12:28  Pylon  
  125  12:30  Pylon  
  125  12:32  Photon Cannon  
  125  12:33  Photon Cannon  
  125  12:37  Photon Cannon  
  125  12:38  Photon Cannon  
  125  12:42  Probe  
  125  12:44  Probe x2  
  128  12:49  Stalker x3  
  128  12:50  Stalker  
  134  12:53  Probe  
  134  12:56  Probe x2  
Tags
 
Add a new tag
Caveats
  • Supply blocks, unpowered buildings, or Contaminate may cause inaccurate times.
  • Supply counts are checked every 10 seconds.